 Dungeon Crawl Stone Soup version 0.30-a0-591-g3c58d2bc28 (webtiles) character file.

Game seed: 4760578321713515934

134 Leeroy the Conjurer (level 5, -1/30 HPs)
             Began as a Tengu Reaver on Jan 4, 2023.
             Slain by an ufetubus (3 damage)
             ... on level 5 of the Dungeon.
             The game lasted 00:07:12 (3536 turns).

Leeroy the Conjurer (Tengu Reaver)                  Turns: 3536, Time: 00:07:13

Health: -1/30      AC:  4    Str: 19    XL:     5   Next: 17%
Magic:  6/9        EV: 14    Int: 21    God:
Gold:   238        SH:  0    Dex: 12    Spells: 2/8 levels left

rFire   . . .      SeeInvis .    f - +0 dagger (freeze)
rCold   . . .      Faith    .    (no shield)
rNeg    + . .      Spirit   .    y - +2 robe {rN+}
rPois   .          Reflect  .    (helmet restricted)
rElec   .          Harm     .    (no cloak)
rCorr   .          Rampage  .    (no gloves)
Will    .....                    (boots unavailable)
Stlth   +                        (no amulet)
HPRegen 0.25/turn                q - +6 ring of intelligence
MPRegen 0.11/turn                x - +6 ring of strength

@: flying quickly and evasively, very slightly contaminated, quick
A: beak, talons 3, nimble flight
a: no special abilities


You were on level 5 of the Dungeon.
You visited 1 branch of the dungeon, and saw 5 of its levels.

You collected 238 gold pieces.

Inventory:

Hand Weapons
 a - a +0 falchion
 f - a +0 dagger of freezing (weapon)
 s - a +0 rapier
 t - a +0 long sword
Missiles
 m - 14 poisoned darts
 p - 3 curare-tipped darts
Armour
 b - a +0 leather armour
 y - a +2 robe of positive energy (worn)
Jewellery
 q - a +6 ring of intelligence (left hand)
 w - a ring of poison resistance
 x - a +6 ring of strength (right hand)
Scrolls
 c - 5 scrolls of identify
 g - a scroll of enchant armour
 h - 2 scrolls of magic mapping {unknown}
 k - a scroll of immolation {unknown}
 n - a scroll of silence {unknown}
 o - 2 scrolls of teleportation
 r - a scroll of blinking {unknown}
 u - a scroll of vulnerability {unknown}
 v - a scroll of fear {unknown}
Potions
 d - 3 potions of attraction {unknown}
 e - 3 potions of heal wounds {unknown}
 i - a potion of berserk rage {unknown}
 j - 3 potions of curing {unknown}
 l - 2 potions of haste {unknown}
 z - a potion of mutation {unknown}
 A - 2 potions of brilliance {unknown}


   Skills:
 - Level 2.0 Fighting
 + Level 5.1 Long Blades
 - Level 2.1 Dodging
 - Level 0.4 Stealth
 - Level 2.0 Spellcasting
 + Level 5.7 Conjurations


You had 2 spell levels left.
You knew the following spells:

 Your Spells              Type           Power      Damage    Failure   Level
a - Kiss of Death         Conj/Necr      56%        2d9       4%          1
b - Momentum Strike       Conj/Tloc      28%        3d8       7%          2
c - Hailstorm             Conj/Ice       14%        3d5       14%         3

Your spell library contained the following spells:

 Spells                   Type           Power      Damage    Failure   Level
 Stone Arrow              Conj/Erth      28%        3d8       14%         3
 Animate Armour           Summ/Erth      4%         N/A       82%         4
 Lehudib's Crystal Spear  Conj/Erth      7%         10d3      100%        8


Dungeon Overview and Level Annotations

Branches:
Dungeon (5/15)
 Temple: D:4-7

Altars:
Yredelemnul

Shops:
D:2 (


Innate Abilities, Weirdness & Mutations

You have a beak for a mouth.
You have claws for feet.
Your magical nature lets you fly swiftly and evasively.


Message History

As you read the scroll labelled KUIBBU YWIE, it crumbles to dust.
It is a scroll of identify.
g - a scroll of enchant armour The gnoll hits you with a +0 club.
The gnoll completely misses you.
As you read the scroll labelled HYUQOU HOTZAGU, it crumbles to dust.
You feel strangely unstable.
It was a scroll of teleportation.
You are no longer robbed of momentum.
The gnoll hits you with a +0 club. The gnoll hits you with a +0 flail!
* * * LOW HITPOINT WARNING * * *
Your surroundings suddenly seem different.
An ufetubus comes into view.
The ufetubus shouts!
A scorpion comes into view.
Casting: Momentum Strike (safe; 7% risk of failure)
Confirm with . or Enter, or press ? or * to list all spells.
Okay, then.
Okay, then.
Casting: Momentum Strike (safe; 7% risk of failure)
Confirm with . or Enter, or press ? or * to list all spells.
You don't know that spell.
Casting: Momentum Strike (safe; 7% risk of failure)
Confirm with . or Enter, or press ? or * to list all spells.
Aiming: Kiss of Death (safe; 4% risk of failure)
Press: ? - help, Shift-Dir - straight line, f - ufetubus
Aim: an ufetubus (100% to hit)
Okay, then.
Casting: Kiss of Death (safe; 4% risk of failure)
Confirm with . or Enter, or press ? or * to list all spells.
Aiming: Momentum Strike (safe; 7% risk of failure)
Press: ? - help, Dir - move target, f - ufetubus
Aim: an ufetubus (53% to hit)
You miscast Momentum Strike.
You are very lightly contaminated with residual magic.
Nothing appears to happen.
The ufetubus hits you.
* * * LOW HITPOINT WARNING * * *
The ufetubus completely misses you.
You barely miss the ufetubus. You claw the ufetubus.
The ufetubus is severely wounded.
The ufetubus closely misses you. The ufetubus hits you.
You die...

#...... .##
#.....
...####...s##
..........##
..........#
#........#
#......#..#
##5........
#.@........
#.........#
...........#
.......###....
...#..#..#
.... .#
#.###.. ### ..
##. #.. #.


You could see a scorpion and an ufetubus.

Vanquished Creatures
  An iguana (D:4)
  3 adders
  3 worms
  2 orcs
  4 bats
  8 endoplasms
  5 giant cockroaches
  8 goblins
  A hobgoblin (D:3)
  6 jackals
  3 kobolds
  5 quokkas
  6 ball pythons
  A frilled lizard (D:1)
  7 rats
63 creatures vanquished.

Notes
Turn   | Place    | Note
-------+----------+-------------------------------------------
     0 | D:1      | Leeroy the Tengu Reaver began the quest for the Orb.
     0 | D:1      | Reached XP level 1. HP: 12/12 MP: 4/4
   352 | D:1      | Reached XP level 2. HP: 17/17 MP: 6/6
   708 | D:2      | Found Bovvyrig's Antique Weapon Emporium.
   961 | D:2      | Learned a level 2 spell: Momentum Strike
  1003 | D:2      | Reached XP level 3. HP: 21/21 MP: 7/7
  1380 | D:2      | Learned a level 3 spell: Hailstorm
  1760 | D:3      | Reached skill level 5 in Conjurations
  1927 | D:3      | Reached XP level 4. HP: 26/26 MP: 8/8
  2471 | D:4      | Found a basalt altar of Yredelemnul.
  2879 | D:4      | Reached skill level 5 in Long Blades
  2879 | D:4      | Gained mutation: Your magical nature lets you fly swiftly
                  | and evasively. [Tengu growth]
  2879 | D:4      | Reached XP level 5. HP: 11/30 MP: 6/9
  3491 | D:5      | Entered Level 5 of the Dungeon
  3528 | D:5      | HP: 1/30 [gnoll/+0 flail[a gnoll bouda] (13)]
  3536 | D:5      | Slain by an ufetubus

Illustrated notes

Levels and vault maps discovered:
D:1:      dpeg_arrival_leaves_temple_mockup, layout_basic
D:2:      minmay_inner_zag, layout_basic, serial_shops,
          nicolae_shop_window_shopping
D:3:      layout_loops_ring, minmay_fountain_box
D:4:      layout_loops_corners, old_standard_altar
D:5:      layout_layer_cave, serial_shops, kennysheep_mini_moat, uniq_sigmund,
          uniq_blork_the_orc

Skill      XL: |  1  2  3  4 |
---------------+-------------+-----
Long Blades    | 4 5 |  5.1
Conjurations   | 5 |  5.7
Fighting       | |  2.0
Dodging        | |  2.1
Stealth        | |  0.4
Spellcasting   | |  2.0

Action                   |  1- 3 |  4- 6 || total
-------------------------+-------+-------++-------
Melee: Dagger            |    90 |    77 ||   167
       Falchion          |     9 |       ||     9
       Kick              |    22 |    21 ||    43
       Peck              |    13 |    12 ||    25
       Punch             |     2 |     1 ||     3
 Cast: Momentum Strike   |       |     2 ||     2
  Use: Scroll            |       |     2 ||     2
 Stab: Sleeping          |     5 |     1 ||     6
Armor: Leather armour    |    26 |    20 ||    46
Dodge: Dodged            |    43 |    39 ||    82

Table legend: (Time is in decaauts)
 A = Elapsed time spent in this place.
 B = Non-inter-level travel time spent in this place.
 C = Inter-level travel time spent in this place.
 D = Time resting spent in this place.
 E = Time spent auto-exploring this place.
 F = Levels seen in this place.
 G = Mean time per level.
                   A        B        C        D        E       F      G
               +--------+--------+--------+--------+--------+-----+--------+
         Total |   3468 |   3273 |    195 |    181 |   2606 |   5 |  693.6 |
       Dungeon |   3468 |   3273 |    195 |    181 |   2606 |   5 |  693.6 |
               +--------+--------+--------+--------+--------+-----+--------+

Top non-repeatable levels by time:
     D:4: 1036 daAuts
     D:2: 914 daAuts
     D:3: 809 daAuts
     D:1: 667 daAuts
     D:5: 41 daAuts
